 Dungeon Crawl Stone Soup version 0.22-a0-469-gf26638a (webtiles) character file.

19 emperorscorpion the Charmwright (level 2, 0/15 HPs)
             Began as a Vine Stalker Skald on June 13, 2018.
             Slain by Terence
             ... wielding a +0 flail
              (2 damage)
             ... on level 2 of the Dungeon.
             The game lasted 00:02:56 (251 turns).

emperorscorpion the Charmwright (Vine Stalker Skald) Turns: 251, Time: 00:02:57

Health: 0/15       AC:  4    Str: 17    XL:     2   Next: 75%
Magic:  0/6        EV: 12    Int: 13    God:
Gold:   31         SH:  0    Dex: 13    Spells: 4/5 levels left

rFire    . . .     SeeInvis .   a - +0 short sword
rCold    . . .     Gourm    .   (no shield)
rNeg     . . .     Faith    .   b - +0 leather armour
rPois    .         Spirit   +   f - +0 helmet
rElec    .         Reflect  .   (no cloak)
rCorr    .         Harm     .   (no gloves)
MR       .....                  (no boots)
Stlth    +.........             (no amulet)
HPRegen  0.05/turn              e - +4 ring of strength
MPRegen  0.10/turn              (no ring)

@: no status effects
A: fangs 2, magic shield, antimagic bite, no potion heal 3, rot immunity
a: no special abilities


You were on level 2 of the Dungeon.
You were not hungry.

You visited 1 branch of the dungeon, and saw 2 of its levels.

You collected 31 gold pieces.

Inventory:

Hand Weapons
 a - a +0 short sword (weapon)
Armour
 b - a +0 leather armour (worn)
 f - a +0 helmet (worn)
Jewellery
 e - a +4 ring of strength (left hand)
Comestibles
 d - 2 rations
 g - 3 chunks of flesh


   Skills:
 + Level 2.1 Fighting
 + Level 2.2 Short Blades
 + Level 1.0 Armour
 + Level 1.8 Dodging
 - Level 2.1 Spellcasting
 - Level 3.0 Charms


You had 4 spell levels left.
You knew the following spells:

 Your Spells              Type           Power        Failure   Level  Hunger
a - Infusion              Chrm           #...         9%          1    ##.....

Your spell library contained the following spells:

 Spells                   Type           Power        Failure   Level  Hunger
 Regeneration             Chrm/Necr      #.........   43%         3    ####...
 Shroud of Golubria       Chrm/Tloc      #.........   24%         2    ###....
 Song of Slaying          Chrm           #.......     13%         2    ###....
 Spectral Weapon          Hex/Chrm       #.......     43%         3    ####...


Dungeon Overview and Level Annotations

Branches:
Dungeon (2/15)

Altars:
Nemelex Xobeh

Annotations:
D:2 Terence


Innate Abilities, Weirdness & Mutations

You have extremely sharp teeth.
When hurt, damage is shared between your health and your magic reserves.
Your bite disrupts and absorbs the magic of your enemies.
Potions cannot restore your health.
You are immune to rotting.


Message History

You barely miss Terence.
Terence is heavily wounded.
Terence misses you.
You hit Terence. You bite Terence, but do no damage.
Terence is severely wounded.
Terence hits you with a flail!
* * * LOW HITPOINT WARNING * * *
You closely miss Terence. Your bite misses Terence.
Terence is severely wounded.
You hit Terence but do no damage. You bite Terence, but do no damage.
Terence is severely wounded.
Terence closely misses you.
You barely miss Terence. You bite Terence, but do no damage.
Terence is severely wounded.
Terence closely misses you.
You hit Terence but do no damage.
Terence is severely wounded.
Terence looks scornfully at you. Terence hits you with a flail.
You die...

####.##..####.##.#
#............##.#
#......#.######.#
#...####..# #.#
##...#####.## #.#
#<..).......# #.#
##..........# #.#
####........# #@#
########.# #@#
..##+# #..r..
...... #......
#....... #(..##...
##..# .###


You could see Terence.

Vanquished Creatures
  An ooze (D:2)
  A leopard gecko (D:1)
  2 hobgoblins (D:2)
  4 bats
  A frilled lizard (D:1)
  3 goblins (D:1)
  2 rats
14 creatures vanquished.

Notes
Turn   | Place    | Note
-------+----------+-------------------------------------------
     0 | D:1      | emperorscorpion the Vine Stalker Skald began the quest for the Orb.
     0 | D:1      | Reached XP level 1. HP: 11/11 MP: 4/4
    67 | D:1      | Found a sparkling altar of Nemelex Xobeh.
    80 | D:1      | Reached XP level 2. HP: 8/15 MP: 4/6
   192 | D:2      | Reached skill level 1 in Armour
   206 | D:2      | Noticed Terence
   251 | D:2      | Slain by Terence

Vault maps used:
D:1:      matt_arrival_diagonals, nemelex_diamond_rough_becter
D:2:      uniq_terence, uniq_robin

Skill      XL: |  1  2 |
---------------+-------+-----
Fighting       | 2 |  2.1
Short Blades   | 2 |  2.2
Armour         | 1 |  1.0
Dodging        | |  1.8
Spellcasting   | |  2.1
Charms         | |  3.0

Action                   || total
-------------------------++-------
Melee: Short sword       ||    45
       Bite              ||    13
  Use: Scroll            ||     1
Armor: Leather armour    ||    10
Dodge: Dodged            ||    24

Table legend:
 A = Spawn XP
 B = Non-spawn XP
 C = Spawn XP percentage of total XP
 D = Spawn monster count
 E = Non-spawn monster count
 F = Spawn count percentage of total count
 G = Total turns spent on level
                    A         B        C        D         E        F      G
               +---------+---------+-------+---------+---------+-------+---------
         Total |       0 |      28 |   0.0 |       0 |      14 |   0.0 |   251
               +---------+---------+-------+---------+---------+-------+---------
           D:1 |       0 |      14 |   0.0 |       0 |       9 |   0.0 |   157
           D:2 |       0 |      14 |   0.0 |       0 |       5 |   0.0 |    94
               +---------+---------+-------+---------+---------+-------+---------
